 Dungeon Crawl Stone Soup version 0.17.0-24-gcfadda4 (webtiles) character file.

184 Raultor the Vexing (level 5, -2/35 HPs)
             Began as a Vampire Enchanter on Nov 16, 2015.
             Slain by a gnoll shaman
             ... wielding a +0 club
              (5 damage)
             ... on level 5 of the Dungeon.
             The game lasted 00:08:40 (4916 turns).

Raultor the Vexing (Vampire Enchanter)              Turns: 4916, Time: 00:08:40

Health: -2/35      AC:  4    Str:  7    XL:     5   Next: 36%
Magic:  1/8        EV: 12    Int: 18    God:
Gold:   198        SH:  0    Dex: 15    Spells: 3 memorised, 2 levels left

rFire  . . .     SeeInvis +     a - +1 dagger
rCold  + + .     Clarity  .     b - +1 robe
rNeg   + + +     SustAt   .     (no shield)
rPois  +         Gourm    .     o - +0 helmet
rElec  .         Spirit   .     (no cloak)
rCorr  .         Warding  .     (no gloves)
rMut   .         Stasis   .     (no boots)
MR     .....                    (no amulet)
Stlth  ++........               (no ring)
                                (no ring)

@: very slightly contaminated, regenerating slowly, glowing, not resistant to
hostile enchantments, unstealthy
A: fangs 3, see invisible, unbreathing
a: Bat Form


You were on level 5 of the Dungeon.
You were near bloodless.

You visited 1 branch of the dungeon, and saw 5 of its levels.
You also visited: Ossuary.

You collected 198 gold pieces.

Inventory:

Hand Weapons
 a - a +1 dagger (weapon)
Armour
 b - a +1 robe (worn)
 o - a +0 helmet (worn)
 p - a +0 buckler
 v - a +1 leather armour of positive energy
 x - a cursed +0 leather armour
Wands
 r - a wand of hasting (3)
Scrolls
 g - a scroll of teleportation {unknown}
 h - 4 scrolls of identify {unknown}
 i - 3 scrolls of blinking {unknown}
 j - 3 scrolls of immolation {unknown}
 n - a scroll of enchant armour {unknown}
 q - a scroll of recharging {unknown}
 w - a scroll of fear {unknown}
Potions
 d - 5 potions of blood
 e - a potion of might {unknown}
 f - 3 potions of curing {unknown}
 k - 2 potions of resistance {unknown}
 l - 2 potions of magic {unknown}
 m - 2 potions of flight {unknown}
 s - a potion of heal wounds {unknown}
 t - 2 potions of berserk rage {unknown}
 u - 2 potions of haste {unknown}
Books
 c - a book of Maledictions

   Spells                             Type                      Level
   a - Corona                         Hexes                        1
   b - Ensorcelled Hibernation        Hexes/Ice                    2
   c - Confuse                        Hexes                        3
   d - Tukima's Dance                 Hexes                        3
   e - Dazzling Spray                 Conjuration/Hexes            3


   Skills:
 - Level 1.1 Short Blades
 - Level 2.1 Dodging
 + Level 7.2 Stealth
 - Level 2.0 Spellcasting
 * Level 7.2 Hexes


You had 2 spell levels left.
You knew the following spells:

 Your Spells              Type           Power        Failure   Level  Hunger
a - Corona                Hex            ####...      1%          1    #......
b - Ensorcelled Hibernat  Hex/Ice        ##....       8%          2    ###....
c - Tukima's Dance        Hex            ####....     2%          3    ###....


Dungeon Overview and Level Annotations

Branches:
Dungeon (5/15)             Temple (0/1) D:4

Altars:
Fedhas
Vehumet
Yredelemnul
The Shining One

Annotations:
D:4 exclusion: statue, ketsa's ghost, amateur DsAK


Innate Abilities, Weirdness & Mutations

You heal slowly.
You have razor-sharp teeth.
You have supernaturally acute eyesight.
You can survive without breathing.


Message History

You barely miss the gnoll shaman.
The gnoll shaman is moderately wounded.
The gnoll shaman closely misses you.
You hit the gnoll shaman but do no damage.
The gnoll shaman is moderately wounded.
The gnoll shaman misses you.
You closely miss the gnoll shaman.
The gnoll shaman is moderately wounded.
You barely miss the gnoll shaman.
The gnoll shaman is moderately wounded.
The gnoll shaman hits you with a club.
* * * LOW HITPOINT WARNING * * *
You hit the gnoll shaman.
The gnoll shaman is heavily wounded.
The gnoll shaman hits you with a club.
* * * LOW HITPOINT WARNING * * *
You hit the gnoll shaman but do no damage.
The gnoll shaman is moderately wounded.
The gnoll shaman hits you with a club.
You die...

#.# #.# #.# #.#
## # #<# ....
#.#.### ####..#
#.....# #.....#
##.....###.###.#
.
#.......@g(..##.#
.g
#.#.....###..##.#
#.# #.#.....#
#..##.#...# #
###.### #.....).#
...# #.#####...#
#### #?# #.# #.#
.. #.# # #.#


You could see a gnoll shaman.

Vanquished Creatures
  A hound (D:5)
  A worker ant (D:4)
  A mummy (D:4)
  A gnoll (D:5)
  4 adders (D:2)
  An ooze (D:2)
  2 adder skeletons (D:4)
  A worm (D:3)
  A giant gecko (D:3)
  5 orcs (D:4)
  5 bats
  3 giant cockroaches
  3 goblins
  9 hobgoblins
  6 jackals (D:4)
  4 quokkas
  A ball python (D:2)
  A giant newt (D:1)
  4 kobolds
  4 rats
58 creatures vanquished.

Vanquished Creatures (collateral kills)
  An orc (D:4)
1 creature vanquished.

Vanquished Creatures (others)
  A dancing weapon (D:4)
1 creature vanquished.

Grand Total: 60 creatures vanquished

Notes
Turn   | Place    | Note
--------------------------------------------------------------
     0 | D:1      | Raultor the Vampire Enchanter began the quest for the Orb.
     0 | D:1      | Reached XP level 1. HP: 13/13 MP: 3/3
   455 | D:1      | Reached skill level 5 in Hexes
   812 | D:1      | Reached XP level 2. HP: 19/19 MP: 5/5
  1093 | D:2      | Reached skill level 5 in Stealth
  1093 | D:2      | Reached XP level 3. HP: 24/24 MP: 6/6
  1540 | D:2      | Learned a level 2 spell: Ensorcelled Hibernation
  1544 | D:2      | Learned a level 3 spell: Tukima's Dance
  1597 | D:2      | Reached skill level 6 in Hexes
  2119 | D:2      | Found a basalt altar of Yredelemnul.
  2433 | D:3      | Reached XP level 4. HP: 21/30 MP: 7/7
  2768 | D:3      | Found a blossoming altar of Fedhas.
  2829 | D:3      | Found a glowing golden altar of the Shining One.
  3686 | D:4      | Found a staircase to the Ecumenical Temple.
  3806 | D:4      | Found a sand-covered staircase.
  3814 | Ossuary  | Entered an ossuary
  4390 | D:4      | Reached XP level 5. HP: 7/35 MP: 8/8
  4768 | D:4      | Reached skill level 7 in Hexes
  4827 | D:4      | Noticed ketsa's ghost (amateur DsAK)
  4827 | D:4      | Found a radiant altar of Vehumet.
  4827 | D:4      | Noticed a frost-covered statue
  4877 | D:5      | Entered Level 5 of the Dungeon
  4916 | D:5      | Slain by a gnoll shaman

Action                   |  1- 3 |  4- 6 || total
-------------------------+-------+-------++-------
Melee: Dagger            |    86 |   135 ||   221
 Cast: Ensorcelled Hiber |     7 |     9 ||    16
       Tukima's Dance    |       |     2 ||     2
       Corona            |       |     1 ||     1
  Use: Potion            |       |     1 ||     1
 Stab: Sleeping          |    12 |    16 ||    28
  Eat: Corpse            |     3 |     1 ||     4
